 Dungeon Crawl Stone Soup version 0.16.1-14-g82efdee (webtiles) character file.

43 Siriah the Sneak (level 3, 0/28 HPs)
             Began as a Naga Enchanter on Apr 14, 2015.
             Succumbed to an adder's poison
             ... on level 2 of the Dungeon.
             The game lasted 00:04:40 (1403 turns).

Siriah the Sneak (Naga Enchanter)                   Turns: 1403, Time: 00:04:40

Health: 0/28       AC:  3    Str: 10    XL:     3   Next: 58%
Magic:  2/6        EV: 10    Int: 21    God:
Gold:   66         SH:  0    Dex: 11    Spells: 3 memorised, 0 levels left

rFire  . . .     SeeInvis +     j - +0 dagger (elec)
rCold  . . .     Clarity  .     b - +1 robe
rNeg   . . .     SustAb   .     (no shield)
rPois  +         Gourm    .     (no helmet)
rElec  .         Spirit   .     (no cloak)
rCorr  .         Warding  .     (no gloves)
rMut   .         Stasis   .     (no barding)
MR     .....                    (no amulet)
Stlth  +++.......               (no ring)
                                (no ring)

@: brilliant, lethally poisoned (0 -> -2), very slow, not resistant to hostile
enchantments, fairly stealthy
A: spit poison, see invisible, deformed body, poison resistance, slowness 2, AC
+1
a: Spit Poison


You were on level 2 of the Dungeon.
You were hungry.

You visited 1 branch of the dungeon, and saw 2 of its levels.

You collected 66 gold pieces.

Inventory:

Hand weapons
 a - a +1 dagger
 j - a +0 dagger of electrocution (weapon)
Missiles
 h - 6 tomahawks (quivered)
Armour
 b - a +1 robe (worn)
Jewellery
 m - an uncursed ring of ice
Scrolls
 e - a scroll of amnesia {unknown}
 g - 2 scrolls of remove curse {unknown}
 o - 2 scrolls of identify {unknown}
Books
 c - a book of Maledictions

   Spells                             Type                      Level
   a - Corona                         Hexes                        1
   b - Sure Blade                     Hexes/Charms                 2
   c - Ensorcelled Hibernation        Hexes/Ice                    2
   d - Confuse                        Hexes                        3
   e - Dazzling Spray                 Conjuration/Hexes            3
   f - Enslavement                    Hexes                        4
Comestibles
 d - a bread ration
 i - a beef jerky
 k - a slice of pizza
 n - 2 meat rations


   Skills:
 + Level 0.2 Fighting
 + Level 1.0 Short Blades
 + Level 2.2 Dodging
 + Level 5.3 Stealth
 + Level 2.1 Spellcasting
 + Level 3.3 Hexes


You couldn't memorise any spells.
You knew the following spells:

 Your Spells              Type           Power        Failure   Level  Hunger
a - Corona                Hex            ####...      1%          1    #......
b - Ensorcelled Hibernat  Hex/Ice        ###...       1%          2    ##.....
c - Dazzling Spray        Conj/Hex       ###.....     3%          3    ###....


Dungeon Overview and Level Annotations

Branches:
Dungeon (2/15)

Altars:
Gozag


Innate Abilities, Weirdness & Mutations

You cannot wear boots.
You can spit poison.
Your serpentine skin is tough (AC +1).
You have supernaturally acute eyesight.
Armour fits poorly on your strangely shaped body.
Your system is resistant to poisons.
You cover ground very slowly.


Message History

The goblin throws a stone.
The stone barely misses you.
Things that are here:
a stone; a goblin corpse; an adder corpse Butcher a goblin corpse? [(y)es/(c)hop/(n)o/(a)ll/(q)uit/?]
Butcher an adder corpse? [(y)es/(c)hop/(n)o/(a)ll/(q)uit/?]
There isn't anything else to butcher here.
The goblin throws a stone.
The stone hits you but does no damage.
You see here a stone.
The goblin throws a stone.
The stone hits you.
* * * LOW HITPOINT WARNING * * *
The goblin throws a stone.
The stone hits you.
* * * LOW HITPOINT WARNING * * *
Things that are here:
3 stones; a goblin corpse; an adder corpse
* * * LOW HITPOINT WARNING * * *
You feel sick.
Drink which item? (? for menu, Esc to quit)
It was a potion of brilliance.
You feel clever all of a sudden.
You die...

#.# . #. #.# #.# #.
#.# ##.## #. #.# ...##
#. #.# .... #. #.# ...
#. #.######## #.# #.
#........#####.#####..
..
########.@...(.......#
#######(####### #.#
#.# #.# #.# #.# #g#
..#


There were no monsters in sight!

Vanquished Creatures
  2 adders (D:2)
  A worm (D:2)
  An ooze (D:2)
  2 bats
  A giant cockroach (D:2)
  A goblin (D:2)
  4 hobgoblins
  2 kobolds
  2 giant newts (D:2)
  3 rats (D:1)
19 creatures vanquished.

Notes
Turn   | Place    | Note
--------------------------------------------------------------
     0 | D:1      | Siriah, the Naga Enchanter, began the quest for the Orb.
     0 | D:1      | Reached XP level 1. HP: 15/15 MP: 3/3
   388 | D:1      | Reached XP level 2. HP: 19/22 MP: 4/4
   661 | D:2      | Found an opulent altar of Gozag.
   850 | D:2      | HP: 1/33 [worm (2)]
   858 | D:2      | Reached skill level 5 in Stealth
  1201 | D:2      | Reached XP level 3. HP: 10/28 MP: 4/6
  1226 | D:2      | Learned a level 2 spell: Ensorcelled Hibernation
  1230 | D:2      | Learned a level 3 spell: Dazzling Spray
  1399 | D:2      | HP: 1/28 [poisoned by an adder]
  1403 | D:2      | Succumbed to an adder's poison

Action                   || total
-------------------------++-------
Melee: Dagger            ||    92
Throw: Tomahawk          ||    21
 Cast: Corona            ||     7
       Ensorcelled Hiber ||     2
  Use: Potion            ||     3
 Stab: Sleeping          ||     5
       Invisible         ||     2
  Eat: Chunk             ||     1
